 Dungeon Crawl Stone Soup version 0.23.2-1-ga50397a6bc (webtiles) character file.

Game seed: 16205239274107070016

12293 drh69 the Geomancer (level 11, -7/60 HPs)
             Began as a Gargoyle Earth Elementalist on May 24, 2019.
             Was an Elder of Vehumet.
             Mangled by a komodo dragon (13 damage)
             ... on level 2 of the Lair of Beasts on May 25, 2019.
             The game lasted 02:34:06 (14412 turns).

drh69 the Geomancer (Gargoyle Earth Elementalist)  Turns: 14412, Time: 02:34:07

Health: -7/60      AC: 23    Str: 12    XL:     11   Next: 91%
Magic:  21/26      EV: 13    Int: 19    God:    Vehumet [****..]
Gold:   641        SH:  0    Dex: 10    Spells: 1/32 levels left

rFire    + . .     SeeInvis .   P - +2 flail (protect)
rCold    + . .     Gourm    .   (no shield)
rNeg     + . .     Faith    .   M - +2 robe {rC+}
rPois    ∞         Spirit   .   (no helmet)
rElec    +         Reflect  .   y - +2 cloak
rCorr    .         Harm     .   C - +0 pair of gloves
MR       .....                  (no boots)
Stlth    ++........             V - amulet of magic regeneration
HPRegen  0.20/turn              t - ring of protection from fire
MPRegen  0.45/turn              O - ring of wizardry

@: protection aura
A: negative energy resistance 1, electricity resistance, unbreathing,
petrification resistance, rot immunity, AC +8
a: Renounce Religion


You were on level 2 of the Lair of Beasts.
You worshipped Vehumet.
Vehumet was greatly pleased with you.
You were not hungry.

You visited 3 branches of the dungeon, and saw 13 of its levels.

You collected 641 gold pieces.

Inventory:

Hand Weapons
 w - a +1 dagger of flaming
 x - a +1 dagger of electrocution
 G - a +2 dagger of speed
 P - a +2 flail of protection (weapon)
Missiles
 b - 128 stones (quivered)
 e - 8 javelins
 j - 47 poisoned needles
 l - 90 bolts
 n - 182 arrows
 v - 6 needles of sleeping
 B - 3 tomahawks
Armour
 c - a +1 robe
 y - a +2 cloak (worn)
 C - a +0 pair of gloves (worn)
 M - a +2 robe of cold resistance (worn)
Magical Staves
 K - an uncursed staff of air
Jewellery
 i - a +3 ring of slaying
 t - a ring of protection from fire (left hand)
 O - a ring of wizardry (right hand)
 V - an amulet of magic regeneration (around neck)
Wands
 p - a wand of acid (3)
 D - a wand of random effects (54)
 F - a wand of clouds (4)
 H - a wand of disintegration (15)
 L - a wand of digging (3)
 Q - a wand of paralysis (12)
 U - a wand of iceblast (19)
Scrolls
 g - 3 scrolls of magic mapping
 o - 3 scrolls of enchant armour
 r - 2 scrolls of remove curse
 A - 4 scrolls of identify
 J - 2 scrolls of immolation
 N - 2 scrolls of amnesia
 Y - 5 scrolls of teleportation
Potions
 a - a potion of degeneration {unknown}
 f - 4 potions of heal wounds
 h - 6 potions of curing
 k - a potion of lignification {unknown}
 m - a potion of might {unknown}
 q - 2 potions of agility {unknown}
 s - 2 potions of invisibility
 u - 2 potions of mutation
 E - 2 potions of resistance
 I - a potion of brilliance {unknown}
 R - 5 potions of flight {unknown}
 S - a potion of haste
 X - a potion of berserk rage {unknown}
Comestibles
 d - 18 rations


   Skills:
 + Level 3.4 Fighting
 + Level 2.0 Short Blades
 + Level 4.1 Maces & Flails
 + Level 0.3 Armour
 + Level 4.8 Dodging
 + Level 4.5 Stealth
 + Level 11.1 Spellcasting
 + Level 4.3 Conjurations
 + Level 1.1 Hexes
 + Level 0.7 Transmutations
 + Level 12.6 Earth Magic


You had one spell level left.
You knew the following spells:

 Your Spells              Type           Power        Failure   Level  Hunger
a - Sandblast             Erth           ######       1%          1    None
b - Sting                 Conj/Pois      ###.         1%          1    None
c - Stone Arrow           Conj/Erth      #####.       1%          3    None
d - Magic Dart            Conj           ####         1%          1    None
e - Dazzling Spray        Conj/Hex       ###...       1%          3    None
f - Passwall              Tmut/Erth      #####...     1%          2    None
g - Lee's Rapid Deconstr  Erth           ######....   1%          5    ####...
h - Petrify               Tmut/Erth      #####...     1%          4    ##.....
i - Confuse               Hex            ##......     5%          3    None
j - Confusing Touch       Hex            ##....       1%          1    None
k - Conjure Flame         Conj/Fire      ###.....     1%          3    None
l - Airstrike             Air            ##........   8%          4    ##.....

Your spell library contained the following spells:

 Spells                   Type           Power        Failure   Level  Hunger
 Mephitic Cloud           Conj/Pois/Air  ###.....     1%          3    None
 Poisonous Vapours        Pois/Air       ##....       4%          2    None
 Gell's Gravitas          Tloc           ##........   9%          3    None
 Yara's Violent Unravell  Hex/Tmut       ##........   13%         5    ####...
 Freezing Cloud           Conj/Ice/Air   ###.......   45%         6    ######.
 Metabolic Englaciation   Hex/Ice        ##........   50%         5    ####...
 Ring of Flames           Chrm/Fire      ##........   100%        7    #######


Dungeon Overview and Level Annotations

Branches:
Dungeon (10/15)            Temple (1/1) D:7            Lair (2/6) D:10
  Swamp: Lair:2-4    Shoals: Lair:2-4     Snake: Lair:2-4    Spider: Lair:2-4
    Orc: D:9-12

Altars:
Ashenzari
Cheibriados
Dithmenos
Elyvilon
Fedhas
Gozag
Hepliaklqana
Kikubaaqudgha
Makhleb
Nemelex Xobeh
Okawaru
Qazlal
Ru
Sif Muna
Trog
Uskayaw
Vehumet
Wu Jian
Xom
Yredelemnul
Zin
The Shining One

Annotations:
D:8 2 transporters
Lair:1 exclusion: 2 oklob plants


Innate Abilities, Weirdness & Mutations

You are resistant to torment.
Your stone body is resilient. (AC +8)
You are immune to poison.
You resist negative energy. (rN+)
You are resistant to electric shocks. (rElec)
You can survive without breathing.
You are immune to petrification.
You are immune to rotting.


Message History

Press: ? - help, Shift-Dir - straight line, f/p - komodo dragon
Aim: a komodo dragon (moderately wounded)
The stone arrow hits the komodo dragon!!
The komodo dragon is severely wounded.
You hit the komodo dragon.
Your weapon exudes an aura of protection.
The komodo dragon is severely wounded.
The komodo dragon bites you!
You hit the komodo dragon.
The komodo dragon is almost dead.
The komodo dragon bites you but does no damage.
You hit the komodo dragon.
The komodo dragon is almost dead.
The komodo dragon bites you!
You hit the komodo dragon but do no damage.
The komodo dragon is almost dead.
The komodo dragon bites you!!
* * * LOW HITPOINT WARNING * * *
The komodo dragon bites you!
You die...

#......#P...##. ..
#...........#.. ....
...... .....# .....##
#.#.##.....#.
....:...##.P.#.....#.#
....................##
......................
.............@l......=
......................
#.....................
#......#.##+.P........
........###.####......
........##...###......
........##...#........
........#............P
.#.............P#


You could see a komodo dragon.

Vanquished Creatures
  The ghost of Mrkan the Grappler, a novice TrMo of Ru (D:7)
  Joseph (Lair:1)
  A spiny frog (Lair:1)
  A troll (D:10)
  4 polar bears (Lair:1)
  A blink frog (Lair:1)
  4 hippogriffs
  3 hogs (D:7)
  A human (D:7)
  A wyvern (D:10)
  20 yaks
  A basilisk (Lair:1)
  Menkaure (D:5)
  A water moccasin (D:9)
  A sky beast (D:5)
  2 ice beasts
  7 black bears
  5 ogres
  4 phantoms
  3 centaurs
  2 crocodiles (Lair:1)
  5 bullfrogs
  Blork the orc (D:5)
  23 killer bees
  12 wights
  3 howler monkeys
  6 crimson imps
  A jelly (D:10)
  3 hounds
  9 orc wizards
  2 bullfrog skeletons
  An iguana (D:6)
  Ijyb (D:5)
  8 worker ants
  A hound zombie (D:9)
  A howler monkey zombie (D:6)
  2 worker ant zombies
  13 gnolls
  11 adders
  A shadow imp (D:9)
  3 oozes
  3 adder zombies
  2 adder skeletons
  2 worms
  4 dart slugs
  5 leopard geckos
  24 orcs
  7 giant cockroaches
  4 goblins
  9 hobgoblins
  7 jackals
  11 kobolds
  4 quokkas
  4 bats
  4 frilled lizards
  A giant cockroach zombie (D:6)
  A jackal zombie (D:8)
  11 rats
  A butterfly (Lair:1)
  A fungus (Lair:1)
277 creatures vanquished.

Vanquished Creatures (others)
  4 plants (Lair:1)
4 creatures vanquished.

Grand Total: 281 creatures vanquished

Notes
Turn   | Place    | Note
-------+----------+-------------------------------------------
     0 | D:1      | drh69 the Gargoyle Earth Elementalist began the quest for
                  | the Orb.
     0 | D:1      | Reached XP level 1. HP: 10/10 MP: 3/3
   330 | D:1      | Reached XP level 2. HP: 15/15 MP: 3/5
   561 | D:1      | Reached skill level 4 in Earth Magic
   706 | D:1      | Reached XP level 3. HP: 19/19 MP: 4/6
  1159 | D:2      | Found an iron altar of Okawaru.
  1299 | D:2      | Found a deep blue altar of Sif Muna.
  1419 | D:2      | Found an ancient bone altar of Kikubaaqudgha.
  1594 | D:2      | Reached XP level 4. HP: 24/24 MP: 5/7
  1652 | D:2      | Reached skill level 1 in Maces & Flails
  1662 | D:2      | Found a white marble altar of Elyvilon.
  2082 | D:3      | Found a radiant altar of Vehumet.
  2092 | D:3      | Became a worshipper of Vehumet
  2159 | D:3      | Reached XP level 5. HP: 28/28 MP: 3/9
  2231 | D:3      | Reached skill level 1 in Fighting
  2276 | D:3      | Reached skill level 5 in Earth Magic
  2798 | D:4      | Reached XP level 6. HP: 28/34 MP: 8/11
  3016 | D:4      | Found a glowing golden altar of the Shining One.
  3016 | D:4      | Found a stormy altar of Qazlal.
  3067 | D:4      | Reached * piety under Vehumet
  3067 | D:4      | Offered knowledge of Sting by Vehumet.
  3070 | D:4      | Learned a level 1 spell: Sting
  3737 | D:5      | Entered Level 5 of the Dungeon
  3769 | D:5      | Noticed a sky beast
  3774 | D:5      | Killed a sky beast
  3774 | D:5      | Reached skill level 1 in Short Blades
  3774 | D:5      | Reached skill level 6 in Earth Magic
  3774 | D:5      | Reached XP level 7. HP: 38/38 MP: 8/14
  4135 | D:5      | Noticed Menkaure
  4139 | D:5      | Noticed Ijyb
  4152 | D:5      | Found a basalt altar of Yredelemnul.
  4158 | D:5      | Killed Ijyb
  4173 | D:5      | Killed Menkaure
  4173 | D:5      | Reached skill level 5 in Spellcasting
  4483 | D:5      | Found a sparkling altar of Nemelex Xobeh.
  4536 | D:5      | Reached skill level 7 in Earth Magic
  4553 | D:5      | Reached XP level 8. HP: 43/43 MP: 14/16
  4576 | D:5      | Noticed Blork the orc
  4581 | D:5      | Killed Blork the orc
  5369 | D:6      | Reached skill level 8 in Earth Magic
  5478 | D:6      | Found a sacrificial altar of Ru.
  5697 | D:6      | Reached ** piety under Vehumet
  5697 | D:6      | Offered knowledge of Magic Dart by Vehumet.
  6096 | D:6      | Learned a level 3 spell: Stone Arrow
  6098 | D:6      | Learned a level 1 spell: Magic Dart
  6570 | D:7      | Reached skill level 1 in Conjurations
  6570 | D:7      | Reached XP level 9. HP: 31/48 MP: 8/19
  6729 | D:7      | Found a staircase to the Ecumenical Temple.
  6738 | Temple   | Entered the Ecumenical Temple
  7150 | D:8      | Found a transporter.
  7526 | D:7      | Found a runed translucent door.
  7526 | D:7      | Noticed Mrkan's ghost (novice TrMo)
  7661 | D:7      | Killed Mrkan's ghost
  7661 | D:7      | Reached skill level 9 in Earth Magic
  7795 | D:7      | Offered knowledge of Dazzling Spray by Vehumet.
  7804 | D:7      | Learned a level 3 spell: Dazzling Spray
  8099 | D:7      | Reached skill level 10 in Earth Magic
  8099 | D:7      | Reached XP level 10. HP: 32/54 MP: 17/22
  8100 | D:7      | Reached *** piety under Vehumet
  8500 | D:8      | Learned a level 2 spell: Passwall
  8506 | D:8      | Learned a level 5 spell: Lee's Rapid Deconstruction
  8511 | D:8      | Learned a level 4 spell: Petrify
  8899 | D:8      | Found a transporter.
  8899 | D:8      | Noticed a necromancer
  8916 | D:8      | Found a blossoming altar of Fedhas.
  8939 | D:8      | Found a hazy altar of Hepliaklqana.
  9001 | D:8      | Learned a level 3 spell: Confuse
  9003 | D:8      | Learned a level 1 spell: Confusing Touch
  9111 | D:8      | Offered knowledge of Conjure Flame by Vehumet.
  9513 | D:8      | Learned a level 3 spell: Conjure Flame
  9823 | D:9      | Found an ornate altar of the Wu Jian Council.
 10690 | D:9      | Reached skill level 1 in Hexes
 11078 | D:9      | Reached skill level 11 in Earth Magic
 11336 | D:10     | Entered Level 10 of the Dungeon
 11342 | D:10     | Reached **** piety under Vehumet
 11350 | D:10     | Found a staircase to the Lair.
 11483 | D:10     | Reached XP level 11. HP: 60/60 MP: 21/24
 11485 | D:10     | Offered knowledge of Irradiate by Vehumet.
 12211 | D:10     | Reached skill level 10 in Spellcasting
 12697 | Lair:1   | Entered Level 1 of the Lair of Beasts
 12852 | Lair:1   | Reached ***** piety under Vehumet
 12853 | Lair:1   | Offered knowledge of Airstrike by Vehumet.
 12859 | Lair:1   | Learned a level 4 spell: Airstrike
 12955 | Lair:1   | Reached skill level 12 in Earth Magic
 13374 | Lair:1   | Noticed Joseph
 13375 | Lair:1   | Noticed an oklob plant
 13375 | Lair:1   | Noticed an oklob plant
 13424 | Lair:1   | Killed Joseph
 14412 | Lair:2   | Mangled by a komodo dragon

Skill      XL: |  1  2  3  4  5  6  7  8  9 10 11 |
---------------+----------------------------------+-----
Earth Magic    | 4 5 6 7 8 10 11 12 | 12.6
Dodging        | 2 3 4 |  4.8
Maces & Flails | 1 2 3 4 |  4.1
Spellcasting   | 3 4 5 7 8 9 11 | 11.1
Fighting       | 1 2 3 |  3.4
Stealth        | 3 4 |  4.5
Short Blades   | 1 2 |  2.0
Conjurations   | 1 2 3 4 |  4.3
Hexes          | 1 |  1.1
Armour         | |  0.3
Transmutations | |  0.7

Action                   |  1- 3 |  4- 6 |  7- 9 | 10-12 || total
-------------------------+-------+-------+-------+-------++-------
Melee: Unarmed           |    17 |       |       |       ||    17
       Whip              |    64 |    20 |       |       ||    84
       Dagger            |       |    40 |    86 |       ||   126
       Flail             |       |       |    23 |   160 ||   183
 Cast: Sandblast         |    30 |    63 |   101 |    20 ||   214
       Stone Arrow       |       |       |    23 |   132 ||   155
       Magic Dart        |       |       |     3 |       ||     3
       Lee's Rapid Decon |       |       |       |    53 ||    53
       Confuse           |       |       |       |     7 ||     7
       Conjure Flame     |       |       |       |     1 ||     1
       Sting             |       |       |       |     2 ||     2
       Dazzling Spray    |       |       |       |     1 ||     1
  Use: Scroll            |     5 |     5 |     5 |    17 ||    32
  Eat: Ration            |     1 |     2 |     4 |     9 ||    16
       Chunk             |       |       |     1 |     1 ||     2
Armor: Robe              |    28 |    17 |    66 |   169 ||   280
       Leather armour    |       |     7 |       |       ||     7
Dodge: Dodged            |    60 |    40 |    86 |   233 ||   419
